Map: Arctic Dream LE

Players

Anuviel

  • Race: Protoss Protoss
  • League: Diamond
  • Spawn Location: 12:00

Comic

  • Race: Zerg Zerg
  • League: Diamond
  • Spawn Location: 11:00

qqq - Winner!

  • Race: Protoss Protoss
  • Spawn Location: 6:00

Massa - Winner!

  • Race: Terran Terran
  • League: Gold
  • Spawn Location: 5:00

VOD

Have the link to the VOD?

Description

Time

  • Played on: June 25, 2020, 4:09 p.m.
  • Length: 13:17
Show
View Real Time Build Order
Export as new Build Order

Anuviel Protoss 

Build Orders: Oracle Opening 

Get SALT Encoding   

  12  0:01  Probe  
  13  0:13  Probe  
  14  0:19  Pylon  
  14  0:25  Probe  
  15  0:37  Gateway  
  15  0:39  Probe  
  16  0:46  Assimilator  
  16  0:55  Assimilator  
  16  0:59  Probe  
  17  1:11  Probe  
  18  1:23  Probe  
  19  1:29  Cybernetics Core  
  19  1:32  Probe  
  20  1:40  Probe  
  20  1:43  Pylon  
  21  1:50  Probe  
  21  1:53  Pylon  
  24  2:12  Pylon  
  22  2:23  Stargate  
  22  2:34  Shield Battery  
  17  3:07  Oracle  
  20  3:17  Probe  
  21  3:35  Nexus  
  21  3:56  Probe  
  22  4:14  Oracle  
  25  4:21  Probe  
  26  4:33  Probe  
  25  4:38  Pylon  
  25  4:45  Probe  
  26  4:48  Oracle  
  29  4:59  Gateway  
  29  5:14  Probe x2  
  31  5:18  Oracle  
  33  5:29  Pylon  
  33  5:35  Assimilator  
  33  5:37  Assimilator  
  33  5:53  Probe x2  
  14  7:02  Nexus  
  11  7:55  Void Ray  
Show
View Real Time Build Order
Export as new Build Order

Comic Zerg 

Build Orders: Hatch First 

Get SALT Encoding   

  12  0:01  Drone  
  13  0:11  Drone  
  14  0:16  Overlord  
  14  0:35  Drone x3  
  17  0:54  Hatchery  
  16  0:58  Drone  
  16  0:59  Drone  
  18  1:06  Extractor  
  17  1:17  Spawning Pool  
  16  1:18  Drone  
  16  1:22  Drone  
  18  1:30  Drone  
  19  1:41  Drone  
  20  2:00  Overlord  
  20  2:05  Queen  
  20  2:06  Queen  
  24  2:11  Metabolic Boost  
  24  2:13  Drone x2  
  24  2:15  Drone  
  27  2:28  Zergling x6  
  30  2:34  Zergling x2  
  31  2:42  Zergling x2  
  32  2:49  Zergling x4  
  34  3:01  Zergling x4  
  36  3:10  Overlord x2  
  34  3:34  Zergling x10  
  34  3:35  Zergling x2  
  38  4:04  Lair  
  38  4:05  Drone x4  
  38  4:06  Drone x2  
  44  4:10  Baneling Nest  
  44  4:11  Extractor  
  42  4:29  Drone x3  
  45  4:32  Drone  
  45  4:34  Extractor  
  45  4:38  Drone x2  
  47  4:45  Zergling x10  
  51  4:48  Overlord  
  52  5:06  Zergling x8  
  56  5:09  Hatchery  
  56  5:10  Centrifical Hooks  
  55  5:24  Baneling  
  55  5:25  Baneling x15  
  55  5:30  Zergling x10  
  51  6:10  Zergling x6  
  51  6:11  Zergling x14  
  56  6:12  Zergling x2  
  60  6:18  Overlord x2  
  60  6:19  Overlord  
  60  6:34  Zergling x6  
  60  6:35  Zergling x6  
  60  6:39  Baneling  
  66  6:40  Baneling x21  
  66  7:03  Baneling  
  66  7:04  Baneling x9  
  66  7:05  Zergling x8  
  66  7:06  Zergling x4  
  72  7:13  Drone x4  
  72  7:14  Drone x2  
  74  7:25  Baneling x2  
  74  7:26  Baneling x4, Zergling x4  
  74  7:27  Zergling x2  
  65  7:38  Drone  
  65  7:39  Drone x2  
  53  8:08  Drone x2  
  53  8:09  Drone x2  
  53  8:10  Drone x2  
  32  8:32  Drone x3  
  32  8:33  Drone x2  
  33  8:52  Hatchery  
  30  9:01  Drone  
  30  9:02  Drone x2  
  33  9:07  Baneling  
  33  9:08  Baneling x6  
  33  9:09  Baneling x6  
  31  9:22  Drone  
  22  9:44  Drone x2  
  11  10:02  Drone x2  
  11  10:06  Drone x2  
  13  10:36  Spawning Pool  
  13  10:38  Zergling x2  
  13  10:40  Zergling x2  
  14  10:45  Zergling x2  
  15  10:56  Drone x2  
  17  11:16  Drone x5  
  22  11:24  Zergling x2  
  12  11:53  Zergling x4  
  12  11:54  Zergling x2  
  15  12:05  Zergling x2  
Show
View Real Time Build Order
Export as new Build Order

qqq Protoss - Winner!

Build Orders: Cannon Rush 

Get SALT Encoding   

  12  0:02  Probe  
  13  0:15  Pylon  
  13  0:19  Probe  
  14  0:32  Probe  
  15  0:37  Forge  
  15  0:44  Probe  
  16  0:56  Probe  
  17  1:09  Probe  
  17  1:10  Pylon  
  18  1:17  Gateway  
  18  1:33  Photon Cannon  
  18  1:40  Photon Cannon  
  18  1:44  Photon Cannon  
  18  2:05  Pylon  
  18  2:14  Pylon  
  17  2:24  Photon Cannon  
  17  2:27  Photon Cannon  
  17  2:34  Photon Cannon  
  17  2:38  Photon Cannon  
  16  3:02  Probe  
  16  3:04  Zealot  
  19  3:10  Pylon  
  19  3:16  Photon Cannon  
  19  3:29  Cybernetics Core  
  19  3:31  Zealot  
  19  3:34  Pylon  
  21  3:47  Probe, Assimilator  
  22  3:51  Assimilator  
  22  3:59  Probe, Pylon  
  23  4:03  Photon Cannon  
  23  4:20  Probe  
  24  4:30  Photon Cannon  
  24  4:32  Probe  
  25  4:44  Probe  
  26  4:49  Pylon  
  26  4:56  Probe  
  27  5:17  Nexus  
  27  5:24  Stalker  
  29  5:38  Photon Cannon  
  29  5:46  Pylon  
  22  6:11  Nexus  
  2  6:27  Shield Battery  
  2  7:23  Probe  
  3  7:35  Probe  
  4  7:47  Probe  
  5  7:59  Probe  
  6  8:11  Probe  
  7  8:24  Probe  
  8  8:36  Probe  
  9  8:51  Probe  
  10  9:03  Probe  
  11  9:16  Probe  
  12  9:28  Probe  
  13  9:37  Gateway  
Show
View Real Time Build Order
Export as new Build Order

Massa Terran - Winner!

Build Orders:  

Get SALT Encoding   

  12  0:07  SCV  
  12  0:13  Supply Depot  
  13  0:19  SCV  
  14  0:31  SCV  
  15  0:38  Barracks  
  15  0:43  SCV  
  16  0:55  SCV  
  17  1:04  Supply Depot  
  17  1:07  SCV  
  18  1:15  Refinery  
  18  1:18  Barracks  
  18  1:33  Marine  
  20  1:47  SCV  
  20  1:51  Marine  
  21  1:56  Barracks  
  21  1:59  SCV  
  22  2:06  Marine  
  23  2:09  Marine  
  24  2:24  Marine  
  24  2:26  Marine  
  26  2:30  Factory  
  26  2:39  Supply Depot  
  26  2:41  Orbital Command  
  26  2:42  Marine  
  27  2:44  Marine  
  27  2:45  Marine  
  29  3:00  Marine  
  29  3:02  Marine  
  31  3:06  Barracks Tech Lab  
  29  3:23  Marine x2  
  29  3:24  Marine  
  32  3:33  Factory Tech Lab  
  28  3:42  Marauder  
  28  3:43  Barracks  
  30  3:51  Marine x2  
  28  4:03  Marauder  
  28  4:06  Engineering Bay  
  28  4:09  Marine  
  32  4:22  Barracks Reactor  
  31  4:25  Marauder  
  33  4:34  Missile Turret  
  33  4:37  Missile Turret  
  33  4:41  Missile Turret  
  33  4:42  Marine  
  34  5:00  Marine  
  35  5:38  Marauder, Marine  
  38  5:44  Marine  
  38  5:48  Command Center  
  38  6:12  Marauder  
  38  6:32  Missile Turret  
  35  6:34  Marauder  
  35  6:39  Marine, Siege Tank  
  37  6:45  SCV  
  34  6:57  Marine  
  25  8:13  SCV  
  25  8:17  Barracks  
  26  8:25  SCV  
  27  8:34  Missile Turret  
  27  8:37  SCV  
  23  8:49  SCV  
  24  9:01  SCV  
  25  9:03  Supply Depot  
  25  9:13  SCV  
  25  9:25  SCV, Engineering Bay  
  24  9:40  Orbital Command  
  23  9:46  Marine  
  24  10:04  SCV, Marine  
  25  10:16  SCV  
  21  10:37  SCV  
  22  10:59  SCV  
  22  11:02  Missile Turret  
  23  11:06  SCV  
  24  11:18  SCV  
  22  11:45  Missile Turret  
  21  11:55  SCV  
  21  12:01  Missile Turret  
  22  12:07  SCV  
  23  12:15  Marine  
  23  12:19  SCV  
  22  12:31  Orbital Command, SCV  
  22  12:33  Marine  
  23  12:43  SCV  
  20  12:56  SCV  
Tags
 
Add a new tag
Caveats
  • Supply blocks, unpowered buildings, or Contaminate may cause inaccurate times.
  • Supply counts are checked every 10 seconds.